 Dungeon Crawl Stone Soup version 0.28-a0-563-gf77a47075d (webtiles) character file.

Game seed: 14344708642508841919

21 jasper the Digger (level 2, -1/15 HPs)
             Began as a Deep Elf Earth Elementalist on Sept 30, 2021.
             Slain by Terence (8 damage)
             ... on level 2 of the Dungeon.
             The game lasted 00:02:09 (881 turns).

jasper the Digger (Deep Elf Earth Elementalist)      Turns: 881, Time: 00:02:10

Health: -1/15      AC:  2    Str:  5    XL:     2   Next: 62%
Magic:  8/8        EV: 12    Int: 19    God:
Gold:   77         SH:  0    Dex: 15    Spells: 6/7 levels left

rFire   . . .      SeeInvis .   (no weapon)
rCold   . . .      Faith    .   (no shield)
rNeg    . . .      Spirit   .   b - +0 robe
rPois   .          Reflect  .   (no helmet)
rElec   .          Harm     .   (no cloak)
rCorr   .          Rampage  .   (no gloves)
Will    .....                   (no boots)
Stlth   ++........              (no amulet)
HPRegen 0.05/turn               d - ring of flight
MPRegen 0.11/turn               (no ring)

@: flying
A: no striking features
a: no special abilities


You were on level 2 of the Dungeon.
You visited 1 branch of the dungeon, and saw 2 of its levels.

You collected 77 gold pieces.

Inventory:

Armour
 b - a +0 robe (worn)
Jewellery
 d - a ring of flight (left hand)


   Skills:
 - Level 2.4 Dodging
 - Level 2.4 Stealth
 - Level 3.0 Spellcasting
 - Level 1.1 Transmutations
 + Level 4.4 Earth Magic


You had 6 spell levels left.
You knew the following spells:

 Your Spells              Type           Power      Damage    Failure   Level
a - Sandblast             Erth           38%        2d10      2%          1

Your spell library contained the following spells:

 Spells                   Type           Power      Damage    Failure   Level
 Passwall                 Tmut/Erth      10%        N/A       8%          2
 Freeze                   Ice            8%         1d3       16%         1
 Stone Arrow              Conj/Erth      22%        3d8       19%         3
 Frozen Ramparts          Ice            4%         1d2       41%         3
 Petrify                  Tmut/Erth      13%        N/A       43%         4
 Hailstorm                Conj/Ice       2%         3d3       83%         4


Dungeon Overview and Level Annotations

Branches:
Dungeon (2/15)

Altars:

Shops:
D:1 (

Annotations:
D:2 Terence


Message History

You don't have any stones to cast with.
You see here a frilled lizard corpse.
You aren't carrying any items that you can evoke.
It was a potion of heal wounds.
You feel much better. Terence hits you with a +0 hand axe.
You take 3 damage, and have 9/15 hp.
You hit Terence.
Terence is heavily wounded.
Terence barely misses you.
Okay, then.
You hit Terence but do no damage.
Terence is heavily wounded.
Terence barely misses you.
You hit Terence.
Terence is heavily wounded.
Terence hits you with a +0 hand axe.
You take 2 damage, and have 7/15 hp.
You closely miss Terence.
Terence is heavily wounded.
Terence hits you with a +0 hand axe.
* * * LOW HITPOINT WARNING * * *
You take 4 damage, and have 3/15 hp.
MASSIVE DAMAGE!!
You see here 23 arrows.
Terence asks, "Do you want it fast or slow?"
You see here 23 arrows.
You see here a frilled lizard corpse.
Found a book of Frost.
Terence asks, "Do you want it fast or slow?"
Terence says, "Did you write a will?
You should..."
MP restored: 8 Terence barely misses you.
Terence bares his teeth.
Found a stone staircase leading down.
You aren't carrying any scrolls.
You see here a book of Frost.
You pick up a book of Frost and begin reading...
You add the spells Freeze, Frozen Ramparts and Hailstorm to your library.
Terence hits you with a +0 hand axe!
Ouch! That really hurt!
You die...

######.###
##...##...#
#<.8....8.#
##...##...#
######.(##
#.##.†#.#
##.#...#.#
##..#.8.#†#
##..@#...#.#
##...@##>##.#
#......###..#
##.....# #.##
##....###.#
########.......#
#..........#####
#.######.#.# #.#
#.#.#


You could see Terence.

Vanquished Creatures
  3 endoplasms (D:1)
  3 giant cockroaches
  A goblin (D:1)
  A hobgoblin (D:1)
  2 quokkas (D:1)
  2 bats (D:1)
  2 frilled lizards (D:2)
  A kobold (D:1)
  4 rats (D:1)
19 creatures vanquished.

Notes
Turn   | Place    | Note
-------+----------+-------------------------------------------
     0 | D:1      | jasper the Deep Elf Earth Elementalist began the quest for
                  | the Orb.
     0 | D:1      | Reached XP level 1. HP: 10/10 MP: 6/6
    99 | D:1      | Found a faded altar of an unknown god.
   266 | D:1      | Reached skill level 4 in Earth Magic
   266 | D:1      | Reached XP level 2. HP: 15/15 MP: 5/8
   466 | D:1      | Found Acruetol's Antique Weapon Emporium.
   787 | D:2      | Noticed Terence
   881 | D:2      | Slain by Terence

Illustrated notes

Levels and vault maps discovered:
D:1:      eino_arrival_water_cross, layout_loops_ring,
          shapermc_ecumenical_altar_starsandcircs, serial_shops, shop,
          serial_park_tiny_2
D:2:      layout_loops_ring, grunt_ministairs_4, uniq_terence, uniq_jessica

Skill      XL: |  1 |
---------------+----+-----
Earth Magic    | 4 |  4.4
Dodging        | |  2.4
Stealth        | |  2.4
Spellcasting   | |  3.0
Transmutations | |  1.1

Action                   || total
-------------------------++-------
Melee: Unarmed           ||     4
 Cast: Sandblast         ||    30
  Use: Potion            ||     1
Dodge: Dodged            ||     8

Table legend: (Time is in decaauts)
 A = Elapsed time spent in this place.
 B = Non-inter-level travel time spent in this place.
 C = Inter-level travel time spent in this place.
 D = Time resting spent in this place.
 E = Time spent auto-exploring this place.
 F = Levels seen in this place.
 G = Mean time per level.
                   A        B        C        D        E       F      G
               +--------+--------+--------+--------+--------+-----+--------+
         Total |    880 |    873 |      7 |     50 |    626 |   2 |  440.0 |
       Dungeon |    880 |    873 |      7 |     50 |    626 |   2 |  440.0 |
               +--------+--------+--------+--------+--------+-----+--------+

Top non-repeatable levels by time:
     D:1: 712 daAuts
     D:2: 167 daAuts
